 Dungeon Crawl Stone Soup version 0.31.0-4-g52a2dc7128 (webtiles) character file.

Game seed: 16466139401013092425

61 MollyMolluskus the Shield-Bearer (level 4, -20/31 HPs)
             Began as an Octopode Fighter on Jan 21, 2024.
             Killed from afar by Ijyb (26 damage)
             ... with a bolt of light
             ... on level 3 of the Dungeon.
             The game lasted 00:05:28 (1725 turns).

MollyMolluskus the Shield-Bearer (Octopode Fighter) Turns: 1725, Time: 00:05:29

Health: -20/31     AC:  1    Str: 25    XL:     4   Next: 7%
Magic:  4/4        EV: 13    Int: 10    God:
Gold:   150        SH:  4    Dex: 11    Spells: 3/3 levels left

rFire   + . .        f - +10 trident "Brush" {heavy, Str+2 SInv}
rCold   . . .        a - +0 buckler
rNeg    . . .        (helmet restricted)
rPois   .            i - amulet of the acrobat
rElec   .            d - +6 ring of strength
rCorr   .            e - ring of protection from fire
SInv    +            (no ring)
Will    .....        (no ring)
Stlth   +++          (no ring)
HPRegen 0.25/turn    (no ring)
MPRegen 0.09/turn    (no ring)
                     (no ring)

%: acrobat
@: no status effects
A: almost no armour, amphibious, 8 rings, camouflage 1, gelatinous body 1,
(nimble swimmer 1), tentacles
a: no special abilities


You were on level 3 of the Dungeon.
You visited 1 branch of the dungeon, and saw 3 of its levels.

You collected 150 gold pieces.

Inventory:

Hand Weapons
 f - the +10 trident "Brush" (weapon) {heavy, Str+2 SInv}
   (You found it on level 2 of the Dungeon)

   Str+2:     It affects your strength (+2).
   SInv:      It lets you see invisible.
Missiles
 c - 18 stones (quivered)
Armour
 a - a +0 buckler (worn)
Jewellery
 d - a +6 ring of strength (left tentacle)
 e - a ring of protection from fire (right tentacle)
 i - an amulet of the acrobat (around mantle)
Scrolls
 k - a scroll of enchant weapon
Potions
 b - a potion of might
 g - 5 potions of curing {unknown}
 h - a potion of magic {unknown}


   Skills:
 + Level 3.2 Fighting
 + Level 3.2 Dodging
 + Level 1.7 Stealth
 + Level 3.3 Shields
 * Level 3.1 Unarmed Combat


You had 3 spell levels left.
You didn't know any spells.
Your spell library was empty.

Dungeon Overview and Level Annotations

Branches:
Dungeon (3/15)

Altars:
Elyvilon

Shops:
D:2 :

Annotations:
D:3 Ijyb


Innate Abilities, Weirdness & Mutations

You cannot wear most types of armour.
You are amphibious.
You can wear up to eight rings at the same time.
Your skin changes colour to match your surroundings (Stealth+).
Your rubbery body absorbs attacks. (AC +1, EV +1)
((You are camouflaged when in or above water. (Stealth+)))
You have tentacles for arms and can constrict up to eight enemies at once.


Message History

Found a stone staircase leading down.
There is a stone staircase leading down here.
c - 18 stones (gained 3)
You see here the +6 spear of the Poles {flame, ^Drain rCorr Str+3 Int+2}.
j - a scroll labelled GUJAIG KESCHARR
k - 2 scrolls labelled NILLAZ LONID
As you read the scroll labelled NILLAZ LONID, it crumbles to dust.
It is a scroll of enchant weapon.
You aren't carrying any weapons that can be enchanted.
As you read the scroll labelled GUJAIG KESCHARR, it crumbles to dust.
The air around you briefly surges with heat, but it dissipates.
It was a scroll of immolation.
A rat comes into view.
Found a stone staircase leading down.
A goblin comes into view. It is wielding a +0 club.
Found a scroll labelled JACURE TOELO and a ring mail.
A rat comes into view.
You reach to attack!
The rat squeaks loudly.
You impale the goblin!!
You kill the goblin!
The rat squeaks loudly.
You hear a shout!
Ijyb the Twisted Goblin comes into view.
She is wielding a +2 dagger of pain and carrying a wand of light.
You closely miss the rat. You grab the rat. Your squeeze misses the rat.
You constrict the rat!
You kill the rat!
Ijyb zaps a wand.
The bolt of light hits you!
Ouch! That really hurt!
Unknown command.
You puncture Ijyb! You grab Ijyb. You squeeze Ijyb.
Ijyb is moderately wounded.
You constrict Ijyb, but do no damage. The rat bites you.
A kobold comes into view. It is wielding a +0 short sword.
Ijyb hits you with a +2 dagger of pain.
* * * LOW HITPOINT WARNING * * *
You writhe in agony.
* * * LOW HITPOINT WARNING * * *
The rat barely misses you.
Ijyb zaps a wand.
The bolt of light hits you!!
Ouch! That really hurt!
You die...

#.## #.......
.... #.[?...#
##... #......#
..#..##......#
......>.....#
#......)..#
.#####.r.†...#
K.....g@....##
....###......##
. #..#....##
#........#
##...##..#
#.......#
.........
###.###.#
........# #.#
#.### #.......#
#.# #..)#


You could see Ijyb, a kobold (wandering) and a rat.

Vanquished Creatures
  2 adders (D:2)
  An orc (D:2)
  6 endoplasms
  6 goblins
  4 hobgoblins
  2 jackals (D:2)
  4 kobolds
  2 quokkas
  5 ball pythons
  A bat (D:2)
  2 frilled lizards (D:1)
  4 rats
39 creatures vanquished.

Notes
Turn   | Place    | Note
-------+----------+-------------------------------------------
     0 | D:1      | MollyMolluskus the Octopode Fighter began the quest for the
                  | Orb.
     0 | D:1      | Reached XP level 1. HP: 16/16 MP: 1/1
   135 | D:1      | Found a faded altar of an unknown god.
   148 | D:1      | You fall into a shaft and drop 1 floor!
   187 | D:2      | Reached XP level 2. HP: 21/21 MP: 2/2
   266 | D:2      | Reached skill level 1 in Stealth
   447 | D:1      | Reached XP level 3. HP: 26/26 MP: 3/3
   938 | D:2      | Found a white marble altar of Elyvilon.
  1027 | D:2      | Identified the +10 trident "Brush" {heavy, Str+2 SInv}
  1368 | D:2      | Reached XP level 4. HP: 30/31 MP: 4/4
  1425 | D:2      | Found Sesmob's Book Emporium.
  1701 | D:3      | Identified the +6 spear of the Poles {flame, ^Drain rCorr
                  | Str+3 Int+2}
  1721 | D:3      | Noticed Ijyb
  1725 | D:3      | Killed from afar by Ijyb

Illustrated notes

Levels and vault maps discovered:
D:1:      nzn_arrival_settlement, layout_basic, basic_ecumenical_altar
D:2:      layout_basic, basic_altar, serial_shops, nicolae_shop_rolling_square
D:3:      layout_basic, nicolae_elyvilon_peaceful_grove, uniq_ijyb

Skill      XL: |  1  2  3 |
---------------+----------+-----
Stealth        | 1 |  1.7
Unarmed Combat | 3 |  3.1
Fighting       | |  3.2
Dodging        | |  3.2
Shields        | |  3.3

Action                     |  1- 3 |  4- 6 || total
---------------------------+-------+-------++-------
  Melee: Unarmed           |    67 |       ||    67
         Tentacles         |    13 |     2 ||    15
         Constrict         |    12 |     3 ||    15
         Trident           |     5 |     4 ||     9
         Punch             |     1 |       ||     1
  Throw: Stone             |     1 |       ||     1
    Use: Scroll            |     4 |     2 ||     6
   Stab: Sleeping          |     7 |       ||     7
 Armour: Skin              |    19 |     4 ||    23
  Dodge: Dodged            |    30 |     1 ||    31
  Block: Buckler           |    10 |       ||    10
